AoeStats
← Striker1904

Arabia

509405803Analyzed
2v2 RM · 5d ago on Sep 26, 2026· 39m 7s· 4 players
Game mode
Random Map
Map size
Medium (4 player)
Population
200
Speed
Normal
Resources
Standard
Victory
Conquest
Starting age
Dark Age
Ending age
Imperial Age
RankedLock teamsTeams togetherTeam positionsShared explorationLock speedFull tech treeHidden civsTurbo modeCheats
Victory
Defeat
🇩🇪 Danes · Germany
1047
+14
🇩🇪 Saxons · Germany
1035
+14
🇹🇷 Magyars · Türkiye
1002
-14
🇹🇷 Portuguese · Türkiye
992
-14
BigHope
11:26 Feudal Age
11:55 Double-Bit Axe
14:07 Loom
18:45 Castle Age
17:15 Fletching
18:35 Double-Bit Axe
18:44 Gold Mining
18:48 Stone Mining
19:15 Gold Mining
23:00 Bodkin Arrow
30:26 Scale Barding Armor
30:59 Wheelbarrow
30:12 Town Watch
30:57 Bloodlines
30:47 Husbandry
30:45 Horse Collar
32:12 Heavy Plow
32:54 Bow Saw
32:51 Corvinian Army
36:19 Pikeman
TheBens
1:06 Loom
12:13 Feudal Age
12:21 Man-at-Arms
15:45 Scale Mail Armor
22:42 Castle Age
22:11 Forging
21:59 Horse Collar
22:07 Double-Bit Axe
25:02 Bloodlines
33:34 Husbandry
34:19 Wheelbarrow
Striker1904
6:49 Loom
9:09 Feudal Age
9:55 Double-Bit Axe
10:11 Man-at-Arms
11:53 Horse Collar
12:40 Forging
19:39 Castle Age
20:02 Bloodlines
20:03 Scale Barding Armor
20:48 Horse Collar
22:45 Husbandry
26:10 Chain Barding Armor
26:36 Iron Casting
27:34 Wheelbarrow
29:05 Pikeman
29:32 Arson
29:51 Scale Mail Armor
34:35 Murder Holes
37:49 Imperial Age
36:52 Hand Cart
38:58 Conscription
Timoptimo
7:16 Loom
9:08 Feudal Age
10:23 Man-at-Arms
12:24 Double-Bit Axe
19:31 Castle Age
18:40 Fletching
20:11 Padded Archer Armor
20:09 Bodkin Arrow
20:21 Thumb Ring
20:11 Gold Mining
20:24 Crossbowman
22:17 Padded Archer Armor
22:31 Squires
28:09 Bow Saw
29:02 Pikeman
29:44 Scale Mail Armor
29:47 Horse Collar
31:36 Ballistics
31:52 Wheelbarrow
31:03 Town Watch
33:07 Forging
32:48 Arson
34:10 Chain Mail Armor
35:28 Light Cavalry
36:37 Bloodlines
36:33 Scale Barding Armor
39:17 Hand Cart
39:04 Town Patrol
Connection lost

Rejoining the realm…

Still unreachable

The connection could not be restored.

Session expired

The server has moved on; the page needs a fresh start.